Unix NetHack Version 3.7.0-65 Work-in-progress - last build Oct 10 2022 05:34:18 (2afc5cfc90f7ecdc2856d9919a2295b875398e55,branch:master). Game began 2022-10-15 21:47:25, ended 2022-10-15 23:31:58. aerth, neutral female human Monk ---- ----------- --.>-------- |.........| |..........| |.........| |.0-----.-.| |.........| |@.|...|0..| |....<....| |j0.0...00-| |.........| |.0..0..|..| |.........| |.----0.--.| |.........| |..0...0.|.-- |.........| |.---0-...0.------------+| |...|..0-.0.^^^^^^^^^^^^.| |..0......---------------- -----..|..| ------- Aerth the Initiate St:18/01 Dx:13 Co:11 In:9 Wi:13 Ch:9 Neutral Dlvl:6 $:105 HP:0(52) Pw:22(22) AC:0 Xp:7/1080 T:3864 Satiated Latest messages: The boulder fills a pit. c - a scroll labeled DAIYEN FOOELS. d - a scroll labeled DAIYEN FOOELS. # # What do you want to call? [a-djnxyAC-EGHJLN-QSUW-Y or ?*] What do you want to use or apply? [bjmtxyDJLWY or ?*] You put a scroll called 200 into the bag. You put a scroll called earth into the bag. You put a scroll called earth into the bag. You put a potion called 150 into the bag. You put a jade ring into the bag. Air currents pull you down into a pit! You are still in a pit. You are still in a pit. You are still in a pit. You crawl to the edge of the pit. Air currents pull you down into a pit! You are still in a pit. You are still in a pit. You are still in a pit. You are still in a pit. You crawl to the edge of the pit. You stop searching. Air currents pull you down into a pit! You are still in a pit. You are still in a pit. You are still in a pit. You are still in a pit. You crawl to the edge of the pit. Air currents pull you down into a pit! You are still in a pit. You are still in a pit. You crawl to the edge of the pit. Air currents pull you down into a pit! You are still in a pit. You are still in a pit. You are still in a pit. You crawl to the edge of the pit. You climb up the stairs. With great effort you move the boulder. With great effort you move the boulder. You are in full health. You hit the blue jelly! You are suddenly very cold! You hit the blue jelly! You are suddenly very cold! You hit the blue jelly! You are suddenly very cold! You die... Inventory: Coins ('$') $ - 105 gold pieces Weapons (')') w - 5 uncursed +0 darts Armor ('[') H - an uncursed +0 dwarvish iron helm (being worn) a - an uncursed +2 pair of leather gloves (being worn) E - an uncursed +0 pair of iron shoes (being worn) u - an uncursed +1 robe (being worn) Comestibles ('%') V - an uncursed haggis T - 2 cursed rotten tins of cockatrice meat R - an uncursed tin of spinach Z - an uncursed lizard corpse Wands ('/') W - an uncursed wand of locking (0:8) L - an uncursed wand of locking (0:4) J - an uncursed wand of secret door detection (0:11) Y - an uncursed wand of striking (0:4) Tools ('(') b - an uncursed bag of holding containing 33 items m - an uncursed credit card y - an uncursed magic lamp (lit) j - an uncursed oil lamp x - an uncursed skeleton key D - an uncursed tallow candle t - an uncursed towel Gems/Stones ('*') U - an uncursed worthless piece of black glass C - 2 uncursed worthless pieces of blue glass O - an uncursed worthless piece of orange glass P - an uncursed worthless piece of red glass X - an uncursed worthless piece of violet glass n - a cursed worthless piece of violet glass A - 2 uncursed worthless pieces of white glass G - an uncursed worthless piece of yellow glass Contents of the bag of holding: 5 uncursed apples 5 uncursed food rations 3 uncursed fortune cookies 6 uncursed oranges 2 uncursed tripe rations an uncursed scroll of create monster a cursed scroll of create monster an uncursed scroll of earth a cursed scroll of earth a blessed scroll of enchant armor a blessed scroll of enchant armor 2 uncursed scrolls of enchant weapon an uncursed scroll of gold detection 2 uncursed scrolls of identify a cursed scroll of identify an uncursed scroll of light an uncursed scroll of magic mapping an uncursed scroll of remove curse a cursed scroll of remove curse an uncursed spellbook of detect food an uncursed spellbook of healing a blessed spellbook of protection an uncursed potion of full healing an uncursed potion of gain level 3 uncursed potions of healing an uncursed potion of monster detection an uncursed potion of monster detection an uncursed potion of object detection an uncursed potion of restore ability an uncursed potion of sleeping an uncursed potion of speed 2 uncursed potions of water an uncursed ring of poison resistance Aerth the Monk's attributes: Background: You were an Initiate, a level 7 female human Monk. You were neutral, on a mission for Chih Sung-tzu who was opposed by Shan Lai Ching (lawful) and Huan Ti (chaotic). You were in Sokoban, on level 6. You entered the dungeon 3864 turns ago. It was nighttime. You had 1080 experience points, 200 more were needed to attain level 8. Basics: You had 0 out of 52 hit points. You had all 22 energy points (spell power). Your armor class was 0. Your wallet contained 105 zorkmids. Autopickup was on for '$?!"=/*', with exceptions. Final Characteristics: Your strength was 18/01 (limit:18/100). Your dexterity was 13 (peak:14, limit:18). Your constitution was 11 (limit:18). Your intelligence was 9 (limit:18). Your wisdom was 13 (limit:18). Your charisma was 9 (limit:18). Final Status: You were satiated. You were unencumbered. You were empty handed. You were skilled in martial arts. Final Attributes: You were piously aligned. You were sleep resistant. You were poison resistant. You saw invisible. You were telepathic. You were warned. You were stealthy. You were guarded. You were fast. You are dead. Miscellaneous: You disabled loading of bones levels. Total elapsed playing time was 44 minutes and 9 seconds. Major events: Turn 1: aerth the neutral female human Monk entered the dungeon 292: entered the Gnomish Mines 456: attained the rank of Novice (level 3) 1793: attained the rank of Initiate (level 6) 2165: reached Mine Town 3595: entered Sokoban 3864: killed by a blue jelly Vanquished creatures: a large mimic a tiger 3 wolves a lizard a dwarf leader a snake a bugbear an imp a water nymph 2 rock moles a violet fungus 7 gnome leaders 2 gnomish wizards a ghoul a giant ant 5 dwarves a homunculus 8 hill orcs a giant bat an iguana 2 acid blobs 6 coyotes 3 hobbits 2 hobgoblins 2 cave spiders a brown mold a yellow mold 2 red molds 33 gnomes 6 geckos 3 jackals a kobold a goblin 2 sewer rats 7 grid bugs a kobold zombie 4 newts 118 creatures vanquished. No species were genocided or became extinct. Voluntary challenges: You never hit with a wielded weapon. You read items or engraved 4 times. You engraved Elbereth 1 time. You never genocided any monsters. You never polymorphed an object. You never changed form. You used no wishes. You did not violate any of the special Sokoban rules. Achievements: You entered the Gnomish Mines. You attained the rank of Novice. You entered a shop. You attained the rank of Initiate. You entered Minetown. You entered a temple. You entered Sokoban. The Dungeons of Doom: levels 1 to 8 Level 1: A fountain. Level 2: A fountain, a sink. Stairs down to The Gnomish Mines. Level 3: A potion shop, some fountains. Level 4: A shop, a fountain. Level 5: Level 6: A grave. Level 7: Many fountains. Level 8: Stairs up to Sokoban, level 7. The Gnomish Mines: levels 3 to 7 Level 3: Level 4: Level 5: Level 6: Many shops, a temple, some fountains, some trees. Level 7: Sokoban: levels 7 up to 6 Level 6: <- You were here. Unsolved. Final resting place for you, killed by a blue jelly. Level 7: Unsolved. Game over: ---------- / \ / REST \ / IN \ / PEACE \ / \ | aerth | | 105 Au | | killed by a blue | | jelly | | | | | | 2022 | *| * * * | * _________)/\\_//(\/(/\)/\//\/|_)_______ Goodbye aerth the Monk... You died in Sokoban on dungeon level 6 with 4765 points, and 105 pieces of gold, after 3864 moves. You were level 7 with a maximum of 52 hit points when you died.